 Dungeon Crawl Stone Soup version 0.32-a0-799-g95e1662365 (webtiles) character file.

Game seed: 16468074185103983177

1709 cforsyth the Firebug (level 8, -9/71 HPs)
             Began as a Mountain Dwarf Cinder Acolyte on Mar 21, 2024.
             Was a High Priest of Ignis.
             Killed themself with a badly aimed rupture (17 damage)
             ... on level 5 of the Dungeon.
             The game lasted 00:10:49 (7327 turns).

cforsyth the Firebug (MDCA)                         Turns: 7327, Time: 00:10:50

Health: -9/71      AC: 13    Str: 20    XL:     8   Next: 74%
Magic:  1/14       EV:  8    Int: 14    God:    Ignis [*****.]
Gold:   274        SH:  0    Dex:  5    Spells: 13/15 levels left

rFire   + + +        a - -1 hand axe (flame)
rCold   x . .        (no shield)
rNeg    . . .        z - +0 fire dragon scales
rPois   .            u - +1 helmet
rElec   .            c - +0 cloak
rCorr   .            (no gloves)
SInv    .            (no boots)
Will    .....        A - amulet of the acrobat Stlth
                     Y - +4 ring of slaying
HPRegen 0.31/turn    (no ring)
MPRegen 0.14/turn

%: acrobat
@: no status effects
A: runic magic, artefact enchanting
a: Renounce Religion, Fiery Armour, Foxfire Swarm, Rising Flame


You were on level 5 of the Dungeon.
You worshipped Ignis.
Ignis was extremely pleased with you.
You visited 1 branch of the dungeon, and saw 6 of its levels.

You collected 274 gold pieces.


Innate Abilities, Weirdness & Mutations

Your spellcasting is much less encumbered by armour.
You can use scrolls of enchantment on lesser artefacts.


   Skills:
 + Level 6.4 Fighting
 + Level 7.0 Axes
 + Level 5.1 Armour
 + Level 4.2 Spellcasting
 + Level 7.0 Fire Magic


You had 13 spell levels left.
You knew the following spells:

 Your Spells              Type           Power      Damage    Failure   Level
X - Scorch                Fire           44%        2d6       1%          2

Your spell library contained the following spells:

 Spells                   Type           Power      Damage    Failure   Level


Inventory:

Hand Weapons
 a - a -1 hand axe of flaming (weapon)
Armour
 c - a +0 cloak (worn)
 f - a +0 chain mail
 u - a +1 helmet (worn)
 z - +0 fire dragon scales (worn)
Magical Staves
 y - a staff of conjuration {!a}
Jewellery
 A - an amulet of the acrobat (around neck)
 Y - a +4 ring of slaying (left hand)
Wands
 e - a wand of paralysis (9)
 B - a wand of warping (12)
Scrolls
 b - 2 scrolls of fear {unknown}
 d - 7 scrolls of identify {unknown}
 h - 3 scrolls of amnesia {unknown}
 i - a scroll of vulnerability {unknown}
 j - 3 scrolls of noise {unknown}
 l - 3 scrolls of blinking {unknown}
 m - a scroll of butterflies {unknown}
 q - 2 scrolls of teleportation {unknown}
 r - a scroll of enchant armour {unknown}
 t - a scroll of silence {unknown}
 v - a scroll of poison {unknown}
Potions
 g - 2 potions of resistance
 k - 6 potions of curing {@q1}
 n - 3 potions of attraction {unknown}
 o - a potion of magic {unknown}
 p - 3 potions of brilliance {unknown}
 s - a potion of heal wounds {unknown}
 w - a potion of invisibility {unknown}
 x - a potion of might {unknown}

Dungeon Overview and Level Annotations

Branches:
Dungeon (6/15)             Temple (0/1) D:4

Altars:
Ashenzari
Gozag

Annotations:
D:5 Pikel

........##.#.#............#
.....#####.#.#............#
........##.#.#########.####
.....##.##.#.# #.# #'#####.##.#.#
#.# #.# #....#.# #.#
#.##########.# #.#
#.#..........#########.##########
...............[@....K§..........
....#######..(.[....##.##########
....# #.#.#####.##.#
.†.########...# #...##.#
'####.....#..## #.####.#
..........#..# #.# #.#
..........#..# #.# #.# #
..........#..# #.# #.# #
.####.....#..####.####.# #


You could see Pikel (combustible).


Message History

There is a stone staircase leading down here.
Unknown command.
Unknown command.
You hit Pikel. You burn Pikel.
Pikel is severely wounded.
Pikel hits you but does no damage.
Unknown command.
Unknown command.
You hit Pikel but do no damage.
Pikel is severely wounded.
Pikel hits you with a +0 whip of electrocution.
* * * LOW HITPOINT WARNING * * *
You are electrocuted!
* * * LOW HITPOINT WARNING * * *
Unknown command.
Unknown command.
Okay, then.
Aiming: Paralyse
Press: ? - help, Shift-Dir - straight line, f - Pikel
Aim: Pikel, wielding a +0 whip of electrocution and wearing a +2 robe of willpower (severely wounded, more vulnerable to fire, chance to affect: 17%)
Okay, then.
Unknown command.
Aiming: Warp Space
Press: ? - help, Shift-Dir - straight line, f - Pikel
Aim: Pikel, wielding a +0 whip of electrocution and wearing a +2 robe of willpower (severely wounded, more vulnerable to fire, chance to blink: 50%) Space twists violently!
The rupture engulfs Pikel!
Pikel is almost dead.
The rupture engulfs you!
You blink.
You die...
Ignis goes out, and joins you in death.

Skill      XL: |  1  2  3  4  5  6  7  8 |
---------------+-------------------------+-----
Armour         | 1 2 3 4 5 |  5.1
Fire Magic     | 4 5 6 7 |  7.0
Axes           | 4 5 6 7 |  7.0
Fighting       | 4 5 6 |  6.4
Spellcasting   | 2 3 4 |  4.2

Action                     |  1- 3 |  4- 6 |  7- 9 || total
---------------------------+-------+-------+-------++-------
  Melee: Hand axe          |    78 |    39 |    30 ||   147
   Cast: Scorch            |    25 |    45 |    83 ||   153
    Use: Potion            |       |     2 |       ||     2
 Armour: Robe              |    11 |       |       ||    11
         Chain mail        |    58 |    51 |     9 ||   118
         Fire dragon scale |       |       |    61 ||    61
  Dodge: Dodged            |    22 |    16 |    46 ||    84

Levels and vault maps discovered:
D:1:      psy_arrival_radial01, layout_basic
D:2:      layout_loops_ring, minmay_tall_x
D:3:      layout_basic, grunt_gozag_breadcrumbs, ebering_ecumenical_altar_webs,
          serial_glass, glass_columns_a, glass_columns_a
D:4:      layout_basic, temple_fountains, hangedman_decor_riveting,
          chequers_serial_rivers_marsh, dreamdust_gnoll_farm
D:5:      layout_basic, uniq_menkaure
D:6:      minmay_spotlight, layout_basic, nicolae_ashenzari_panopticon,
          uniq_grinder, uniq_pikel

Notes
Turn   | Place    | Note
-------+----------+-------------------------------------------
     0 | D:1      | cforsyth the Mountain Dwarf Cinder Acolyte began the quest
                  | for the Orb.
     0 | D:1      | Reached XP level 1. HP: 19/19 MP: 2/2
   313 | D:1      | Reached XP level 2. HP: 26/26 MP: 3/3
   741 | D:2      | Learned a level 2 spell: Scorch
   849 | D:2      | Reached skill level 1 in Armour
  1057 | D:2      | Reached skill level 4 in Fire Magic
  1238 | D:2      | Reached skill level 4 in Axes
  1238 | D:2      | Reached XP level 3. HP: 18/31 MP: 0/5
  2177 | D:3      | Found a faded altar of an unknown god.
  2500 | D:3      | Found an opulent altar of Gozag.
  2629 | D:3      | Reached XP level 4. HP: 37/40 MP: 1/6
  2977 | D:4      | Noticed an ogre
  3075 | D:3      | Reached skill level 4 in Fighting
  3251 | D:4      | Reached skill level 2 in Armour
  3251 | D:4      | Reached XP level 5. HP: 46/46 MP: 2/7
  3257 | D:4      | Reached skill level 2 in Spellcasting
  3872 | D:4      | Found a staircase to the Ecumenical Temple.
  3925 | D:4      | Reached XP level 6. HP: 43/53 MP: 1/9
  4357 | D:5      | Entered Level 5 of the Dungeon
  4464 | D:5      | Reached skill level 5 in Fire Magic
  4559 | D:4      | Identified 3 potions of resistance
  4564 | D:4      | Reached skill level 5 in Axes
  4940 | D:5      | Reached skill level 3 in Armour
  4944 | D:5      | Noticed Menkaure
  4951 | D:5      | Killed Menkaure
  4952 | D:5      | Reached skill level 5 in Fighting
  4952 | D:5      | Reached XP level 7. HP: 60/61 MP: 1/11
  5208 | D:5      | Reached skill level 3 in Spellcasting
  5785 | D:5      | Reached skill level 6 in Fire Magic
  5970 | D:5      | Reached skill level 4 in Armour
  6009 | D:5      | Reached skill level 6 in Axes
  6192 | D:6      | Reached XP level 8. HP: 70/70 MP: 2/13
  6342 | D:6      | Noticed Grinder
  6375 | D:6      | Killed Grinder
  6376 | D:6      | Reached skill level 6 in Fighting
  6650 | D:5      | Reached skill level 4 in Spellcasting
  6753 | D:6      | Reached skill level 5 in Armour
  6874 | D:6      | Reached skill level 7 in Fire Magic
  6965 | D:6      | Found a broken altar of Ashenzari.
  6986 | D:6      | Reached skill level 7 in Axes
  7262 | D:6      | Noticed Pikel
  7327 | D:5      | Killed themself with a badly aimed rupture

Vanquished Creatures
  Grinder (D:6)
  Menkaure (D:5)
  2 water moccasins
  2 sky beasts
  An ice beast (D:5)
  A centaur (D:6)
  An ogre (D:6)
  3 lemures (D:6)
  A kobold brigand (D:6)
  2 scorpions
  2 bombardier beetles
  2 orc priests
  3 hounds
  3 iguanas
  4 orc wizards
  3 adders
  3 gnolls (D:4)
  2 dart slugs
  A ribbon worm (D:2)
  15 orcs
  7 endoplasms
  2 giant cockroaches (D:2)
  4 goblins
  5 hobgoblins
  3 jackals (D:4)
  17 kobolds
  3 quokkas
  6 ball pythons
  4 bats
  2 frilled lizards
  2 rats
108 creatures vanquished.

Table legend: (Time is in decaauts)
 A = Elapsed time spent in this place.
 B = Non-inter-level travel time spent in this place.
 C = Inter-level travel time spent in this place.
 D = Time resting spent in this place.
 E = Time spent auto-exploring this place.
 F = Levels seen in this place.
 G = Mean time per level.
                   A        B        C        D        E       F      G
               +--------+--------+--------+--------+--------+-----+--------+
         Total |   7352 |   6930 |    422 |   1181 |   4620 |   6 | 1225.3 |
       Dungeon |   7352 |   6930 |    422 |   1181 |   4620 |   6 | 1225.3 |
               +--------+--------+--------+--------+--------+-----+--------+

Top non-repeatable levels by time:
     D:5: 1699 daAuts
     D:4: 1555 daAuts
     D:3: 1485 daAuts
     D:2: 1055 daAuts
     D:6: 830 daAuts
     D:1: 725 daAuts

Table legend:
 A = Non-vault XP
 B = Vault XP
 C = Vault XP percentage of total XP
 D = Non-vault monster count
 E = Vault monster count
 F = Vault count percentage of total count
                 A         B        C        D         E       F
            +---------+---------+-------+---------+---------+-------
      Total |    1280 |    1162 |  47.6 |      89 |      16 |  15.2
            +---------+---------+-------+---------+---------+-------
        D:1 |      15 |       0 |   0.0 |       8 |       0 |   0.0
        D:2 |      53 |       8 |  13.1 |      22 |       4 |  15.4
        D:3 |      66 |       0 |   0.0 |      12 |       0 |   0.0
        D:4 |     269 |     127 |  32.1 |      18 |       5 |  21.7
        D:5 |     612 |     302 |  33.0 |      20 |       2 |   9.1
        D:6 |     265 |     725 |  73.2 |       9 |       5 |  35.7
            +---------+---------+-------+---------+---------+-------
